 Dungeon Crawl Stone Soup version 0.24.1-8-ga250c9d538 (webtiles) character file.

Game seed: 5236929293328899416, levelgen mode: deterministic

1390 Gynju the Magician (level 8, -4/41 HPs)
             Began as a Deep Elf Fire Elementalist on May 6, 2020.
             Was an Initiate of Vehumet.
             Slain by Harold
             ... wielding a +2 flail of protection
              (10 damage)
             ... on level 7 of the Dungeon.
             The game lasted 00:12:00 (7458 turns).

Gynju the Magician (Deep Elf Fire Elementalist)     Turns: 7458, Time: 00:12:01

Health: -4/41      AC: 11    Str:  5    XL:     8   Next: 40%
Magic:  21/30      EV: 13    Int: 23    God:    Vehumet [......]
Gold:   460        SH:  0    Dex: 15    Spells: 9/22 levels left

rFire    . . .     SeeInvis .   g - +2 spear (venom)
rCold    . . .     Gourm    .   (no shield)
rNeg     . . .     Faith    .   y - +1 steam dragon scales
rPois    .         Spirit   .   j - +2 helmet
rElec    .         Reflect  .   (no cloak)
rCorr    +         Harm     .   x - +0 pair of gloves
MR       .....                  d - +0 pair of boots
Stlth    +++.......             (no amulet)
HPRegen  0.13/turn              k - ring of magical power
MPRegen  0.22/turn              p - ring of resist corrosion

@: no status effects
A: no striking features
a: Renounce Religion


You were on level 7 of the Dungeon.
You worshipped Vehumet.
Vehumet was noncommittal.
You were not hungry.

You visited 1 branch of the dungeon, and saw 7 of its levels.

You collected 460 gold pieces.

Inventory:

Hand Weapons
 g - a +2 spear of venom (weapon)
 m - a +1 falchion
Missiles
 o - 27 poisoned darts (quivered)
Armour
 d - a +0 pair of boots (worn)
 j - a +2 helmet (worn)
 x - a +0 pair of gloves (worn)
 y - +1 steam dragon scales (worn)
Jewellery
 k - a ring of magical power (left hand)
 p - a ring of resist corrosion (right hand)
 C - a +4 ring of evasion {unknown}
Wands
 f - a wand of flame (14)
 B - a wand of digging (5)
Scrolls
 e - 2 scrolls of magic mapping
 h - a scroll of amnesia
 q - a scroll of fog
 r - 3 scrolls of identify {@r1}
 s - a scroll of immolation {unknown}
 t - 3 scrolls of remove curse {@r2}
 w - a scroll of teleportation
 A - 2 scrolls of enchant armour
Potions
 a - 2 potions of ambrosia
 b - 7 potions of curing {@q1}
 i - 2 potions of flight
 l - 2 potions of heal wounds
 n - 2 potions of lignification
 u - a potion of brilliance
 v - a potion of invisibility
 z - a potion of cancellation
Comestibles
 c - 13 rations


   Skills:
 - Level 2.4 Dodging
 - Level 5.4 Stealth
 + Level 7.8 Spellcasting
 + Level 6.1 Conjurations
 + Level 6.9 Fire Magic


You had 9 spell levels left.
You knew the following spells:

 Your Spells              Type           Power        Failure   Level  Hunger
a - Flame Tongue          Conj/Fire      #####        1%          1    None
b - Conjure Flame         Conj/Fire      #####...     1%          3    None
c - Sticky Flame          Conj/Fire      #####...     4%          4    ###....
d - Fireball              Conj/Fire      #####.....   13%         5    #####..

Your spell library contained the following spells:

 Spells                   Type           Power        Failure   Level  Hunger
 Throw Flame              Conj/Fire      #####.       1%          2    None
 Inner Flame              Hex/Fire       ####....     4%          3    None
 Animate Skeleton         Necr           N/A          7%          1    None
 Confusing Touch          Hex            #.....       7%          1    None
 Pain                     Necr           #...         7%          1    None
 Confuse                  Hex            #.......     22%         3    None
 Gell's Gravitas          Tloc           #.........   22%         3    None
 Regeneration             Chrm/Necr      #.........   22%         3    None
 Vampiric Draining        Necr           #.........   22%         3    None
 Animate Dead             Necr           N/A          56%         4    ###....
 Petrify                  Tmut/Erth      #.......     56%         4    ###....
 Metabolic Englaciation   Hex/Ice        #.........   89%         5    #####..
 Yara's Violent Unravell  Hex/Tmut       #.........   89%         5    #####..


Dungeon Overview and Level Annotations

Branches:
Dungeon (7/15)
 Temple: D:4-7

Altars:
Vehumet
Xom

Annotations:
D:7 Harold


Message History

Aim: Harold, wielding a +2 flail of protection and wearing a +0 scale mail (moderately wounded, covered in liquid flames)
The flame tongue hits Harold!
Harold is heavily wounded.
Harold burns!
Harold hits you with a +2 flail of protection!
Casting: Flame Tongue (safe; 1% risk of failure)
Confirm with . or Enter, or press ? or * to list all spells.
Aiming: Flame Tongue (safe; 1% risk of failure)
Press: ? - help, Shift-Dir - straight line, f/p - Harold
Aim: Harold, wielding a +2 flail of protection and wearing a +0 scale mail (heavily wounded, covered in liquid flames)
The flame tongue hits Harold but does no damage.
Harold is heavily wounded.
Harold burns!
Harold hits you but does no damage.
You struggle against the net.
Harold burns!
Harold hits you with a +2 flail of protection!
* * * LOW HITPOINT WARNING * * *
You tear a large gash into the net.
Harold burns!
You rip the net and break free!
Harold burns!
Harold hits you with a +2 flail of protection!
You die...

#########.#
+.@@......#
#.....###.#
#.....#
#.....#
#.....#
#%.$..#
#.##### #.


You could see Harold (burning).

Vanquished Creatures
  Grinder (D:3)
  2 sky beasts (D:6)
  An ogre (D:6)
  A scorpion (D:5)
  A water moccasin zombie (D:5)
  4 crimson imps
  A quasit (D:6)
  2 orc priests
  7 orc wizards
  Natasha (twice) (D:3)
  4 worker ants
  Robin (D:3)
  A howler monkey skeleton (D:4)
  10 adders
  2 shadow imps (D:6)
  An adder skeleton (D:4)
  2 worms
  2 dart slugs
  5 leopard geckos
  17 orcs
  4 giant cockroaches
  14 goblins
  9 hobgoblins
  9 jackals
  5 kobolds
  A quokka (D:6)
  A ball python (D:1)
  4 bats
  4 frilled lizards
  4 rats
122 creatures vanquished.

Notes
Turn   | Place    | Note
-------+----------+-------------------------------------------
     0 | D:1      | Gynju the Deep Elf Fire Elementalist began the quest for
                  | the Orb.
     0 | D:1      | Reached XP level 1. HP: 10/10 MP: 6/6
   203 | D:1      | Reached XP level 2. HP: 15/15 MP: 4/8
  1165 | D:1      | Reached XP level 3. HP: 19/19 MP: 2/10
  1189 | D:1      | Learned a level 3 spell: Conjure Flame
  2214 | D:3      | Noticed Grinder
  2219 | D:3      | Noticed Natasha
  2229 | D:3      | Killed Natasha
  2229 | D:3      | Reached skill level 4 in Spellcasting
  2229 | D:3      | Reached XP level 4. HP: 3/24 MP: 12/12
  2708 | D:3      | Found a shimmering altar of Xom.
  2708 | D:3      | Found a shimmering altar of Xom.
  2991 | D:3      | Learned a level 4 spell: Sticky Flame
  3095 | D:3      | Reached XP level 5. HP: 28/28 MP: 13/13
  3302 | D:3      | Found a shimmering altar of Xom.
  3302 | D:3      | Found a shimmering altar of Xom.
  3304 | D:3      | Found a shimmering altar of Xom.
  3306 | D:3      | Found a shimmering altar of Xom.
  3933 | D:4      | Found a radiant altar of Vehumet.
  4059 | D:3      | Noticed Natasha
  4070 | D:3      | Reached XP level 6. HP: 31/32 MP: 10/15
  4076 | D:3      | Killed Natasha
  4076 | D:3      | Reached skill level 5 in Spellcasting
  4310 | D:3      | Noticed Robin
  4317 | D:3      | Killed Robin
  4489 | D:3      | Killed Grinder
  4489 | D:3      | Reached skill level 5 in Stealth
  4489 | D:3      | Reached skill level 5 in Fire Magic
  4489 | D:3      | Reached XP level 7. HP: 14/36 MP: 17/17
  5241 | D:4      | Reached skill level 6 in Spellcasting
  5448 | D:4      | Became a worshipper of Vehumet
  5788 | D:5      | Entered Level 5 of the Dungeon
  5974 | D:5      | Reached skill level 5 in Conjurations
  6446 | D:5      | Reached XP level 8. HP: 41/41 MP: 20/20
  6472 | D:5      | Reached skill level 7 in Spellcasting
  7438 | D:6      | Learned a level 5 spell: Fireball
  7447 | D:7      | Noticed Harold
  7458 | D:7      | Slain by Harold

Levels and vault maps discovered:
D:1:      nzn_arrival_water_spiral, layout_basic
D:2:      layout_rooms, serial_rivers, chequers_serial_rivers_small_b,
          chequers_serial_rivers_marsh, chequers_serial_rivers_micro_e,
          chequers_serial_rivers_micro_b, st_stairs_9
D:3:      layout_loops_cross, first_ration, xom_redecorated, uniq_grinder,
          uniq_natasha, uniq_robin
D:4:      layout_loops_cross, fiery_altar_vehumet
D:5:      layout_loops_corners, gup_sewer_entry_bubbles
D:6:      layout_rooms, minmay_misc_feat_rugged
D:7:      layout_basic, minmay_temple_entry_mini_moons, serial_shops,
          nicolae_shop_window_shopping, minivault_27, uniq_harold,
          uniq_prince_ribbit1, uniq_joseph

Skill      XL: |  1  2  3  4  5  6  7  8 |
---------------+-------------------------+-----
Stealth        | 3 4 5 |  5.4
Conjurations   | 2 3 4 5 6 |  6.1
Spellcasting   | 4 5 6 7 |  7.8
Fire Magic     | 4 5 6 |  6.9
Dodging        | |  2.4

Action                   |  1- 3 |  4- 6 |  7- 9 || total
-------------------------+-------+-------+-------++-------
Melee: Short sword       |     6 |       |       ||     6
       Spear             |       |       |    92 ||    92
Throw: Dart              |       |       |     1 ||     1
 Cast: Flame Tongue      |    85 |    99 |   123 ||   307
       Conjure Flame     |       |       |     1 ||     1
       Sticky Flame      |       |       |     1 ||     1
  Use: Scroll            |       |    13 |     3 ||    16
  Eat: Chunk             |     4 |     7 |     9 ||    20
Armor: Robe              |    11 |     2 |       ||    13
       Steam dragon scal |       |     8 |    59 ||    67
Dodge: Dodged            |    33 |    29 |    76 ||   138
       Rpst.: Falchion   |     8 |     9 |       ||    17
